 Dungeon Crawl Stone Soup version 0.28.0-56-g4927b6849a (webtiles) character file.

Game seed: 13987882464527636122

632 Atelerd the Sneak (level 7, 0/41 HPs)
             Began as an Octopode Earth Elementalist on Jan 25, 2023.
             Slain by a sky beast (4 damage)
             ... on level 5 of the Dungeon.
             The game lasted 00:06:38 (4449 turns).

Atelerd the Sneak (Octopode Earth Elementalist)     Turns: 4449, Time: 00:06:39

Health: 0/41       AC:  1    Str:  7    XL:     7   Next: 49%
Magic:  2/12       EV: 13    Int: 20    God:
Gold:   175        SH:  0    Dex: 18    Spells: 8/13 levels left

rFire   + + .      SeeInvis .   r - +0 falchion (vamp)
rCold   . . .      Faith    .   (no shield)
rNeg    + . .      Spirit   .   (helmet restricted)
rPois   .          Reflect  .   (no amulet)
rElec   .          Harm     .   a - ring of protection from fire
rCorr   .          Rampage  .   h - ring of protection from fire
Will    .....                   k - ring of positive energy
Stlth   ++++......              j - +6 ring of dexterity
HPRegen 0.13/turn               (no ring)
MPRegen 0.13/turn               (no ring)
                                (no ring)
                                (no ring)

@: very slightly contaminated
A: almost no armour, amphibious, 8 rings, camouflage 1, gelatinous body 1,
(nimble swimmer 1), tentacles
a: no special abilities


You were on level 5 of the Dungeon.
You visited 1 branch of the dungeon, and saw 5 of its levels.

You collected 175 gold pieces.

Inventory:

Hand Weapons
 d - a +0 dagger
 r - a +0 vampiric falchion (weapon)
Missiles
 b - 157 stones
 w - 2 throwing nets
Jewellery
 a - a ring of protection from fire (left tentacle)
 h - a ring of protection from fire (right tentacle)
 j - a +6 ring of dexterity (on tentacle)
 k - a ring of positive energy (on tentacle)
Wands
 e - a wand of acid (6)
 i - a wand of iceblast (4)
 o - a wand of mindburst (14)
Scrolls
 c - 6 scrolls of identify {unknown}
 g - a scroll of enchant armour {unknown}
 l - a scroll of fog {unknown}
 m - a scroll of teleportation {unknown}
 n - a scroll of noise {unknown}
 p - a scroll of fear {unknown}
 u - 3 scrolls of vulnerability {unknown}
 v - a scroll of amnesia {unknown}
Potions
 f - 2 potions of brilliance {unknown}
 q - 2 potions of curing {unknown}
 s - a potion of lignification {unknown}
 t - a potion of attraction {unknown}


   Skills:
 - Level 2.0 Dodging
 + Level 5.6 Stealth
 + Level 3.7 Spellcasting
 * Level 4.5 Transmutations
 - Level 5.0 Earth Magic


You had 8 spell levels left.
You knew the following spells:

 Your Spells              Type           Power      Damage    Failure   Level
a - Sandblast             Erth           46%        2d11      1%          1
p - Petrify               Tmut/Erth      22%        N/A       19%         4

Your spell library contained the following spells:

 Spells                   Type           Power      Damage    Failure   Level
 Passwall                 Tmut/Erth      18%        N/A       2%          2
 Animate Skeleton         Necr           6%         N/A       13%         1
 Stone Arrow              Conj/Erth      26%        3d8       14%         3
 Tukima's Dance           Hex            3%         N/A       36%         3
 Anguish                  Hex/Necr       1%         N/A       78%         4
 Enfeeble                 Hex            1%         N/A       100%        7


Dungeon Overview and Level Annotations

Branches:
Dungeon (6/15)
 Temple: D:4-7

Altars:
Trog
Xom

Annotations:
D:1 exclusion: downstairs
D:3 2 transporters, peterlawrence's ghost, amateur MiFi


Innate Abilities, Weirdness & Mutations

You cannot wear most types of armour.
You are amphibious.
You can wear up to eight rings at the same time.
Your skin changes colour to match your surroundings (Stealth+).
Your rubbery body absorbs attacks. (AC +1, EV +1)
((You are camouflaged when in or above water. (Stealth+)))
You have tentacles for arms and can constrict up to eight enemies at once.


Message History

You grab the water moccasin skeleton.
You constrict the water moccasin skeleton.
The water moccasin skeleton completely misses you.
You hit the water moccasin skeleton.
The water moccasin skeleton is lightly damaged.
You constrict the water moccasin skeleton.
The water moccasin skeleton misses you. The water moccasin skeleton bites you!
You are too injured to fight recklessly!
Casting: Sandblast (safe; 1% risk of failure)
Confirm with . or Enter, or press ? or * to list all spells.
Aiming: Sandblast (safe; 1% risk of failure)
Press: ? - help, Shift-Dir - straight line, f/p - water moccasin skeleton
Aim: a water moccasin skeleton (moderately damaged, constricted by you, 100% to hit)
The blast of sand hits the water moccasin skeleton!
The water moccasin skeleton is heavily damaged.
You constrict the water moccasin skeleton.
The water moccasin skeleton bites you!
* * * LOW HITPOINT WARNING * * *
Unknown command.
Aiming: Corrosive Bolt
Press: ? - help, Shift-Dir - straight line, f/p - water moccasin skeleton
Aim: a water moccasin skeleton (heavily damaged, constricted by you, 100% to hit)
The bolt of acid hits the water moccasin skeleton!
The acid corrodes the water moccasin skeleton!
You destroy the water moccasin skeleton!
You start resting.
There is a strange disturbance nearby!
Something hits you.
* * * LOW HITPOINT WARNING * * *
Something shocks you.
* * * LOW HITPOINT WARNING * * *
A sky beast appears from thin air!
Reactivating autopickup.
Okay, then.
Okay, then.
Okay, then.
Okay, then.
The sky beast completely misses you. The sky beast hits you.
You die...

####### ###########
......# #.........#
......# #.........#
......# #.........#
......# #.........#
......# #.........#
......###### #Y........#
.#####.....# #@........#
.# #.....# #.........# .#
#.....# #.........# .#
#.....#####....)....# .#
#...................# .#
#...................# .#
#...................#
################.##......#
.##..#..#..#..'...#......#


You could see a sky beast.

Vanquished Creatures
  Menkaure (D:5)
  An ogre (D:5)
  A scorpion (D:5)
  2 water moccasin skeletons (D:5)
  A centaur zombie (D:5)
  2 centaur skeletons
  An iguana (D:5)
  A killer bee zombie (D:5)
  3 gnolls (D:2)
  7 adders
  An ufetubus (D:5)
  4 orcs
  5 ball pythons
  3 bats
  4 endoplasms
  6 goblins
  7 hobgoblins
  3 jackals (D:3)
  A quokka (D:3)
  3 frilled lizards
  7 kobolds
  5 rats
69 creatures vanquished.

Notes
Turn   | Place    | Note
-------+----------+-------------------------------------------
     0 | D:1      | Atelerd the Octopode Earth Elementalist began the quest for
                  | the Orb.
     0 | D:1      | Reached XP level 1. HP: 11/11 MP: 3/3
   271 | D:1      | Reached XP level 2. HP: 17/17 MP: 3/5
   874 | D:1      | Reached XP level 3. HP: 21/21 MP: 6/6
  1037 | D:1      | Found a faded altar of an unknown god.
  1045 | D:1      | Got Plato's Reference Book on Evil Magic
  1480 | D:2      | Found a bloodstained altar of Trog.
  1654 | D:2      | Reached XP level 4. HP: 20/27 MP: 7/7
  2414 | D:2      | Learned a level 4 spell: Petrify
  2799 | D:3      | Reached XP level 5. HP: 26/31 MP: 5/9
  2828 | D:3      | Found a transporter.
  2829 | D:3      | Noticed a phantom
  2831 | D:3      | Found a transporter.
  2832 | D:3      | Noticed peterlawrence's ghost (amateur MiFi)
  2981 | D:3      | Found a shimmering altar of Xom.
  2984 | D:3      | Found a shimmering altar of Xom.
  2985 | D:3      | Found a shimmering altar of Xom.
  2986 | D:3      | Found a shimmering altar of Xom.
  2987 | D:3      | Found a shimmering altar of Xom.
  3018 | D:3      | You fall into a shaft and drop 3 floors!
  3028 | D:6      | Noticed a water moccasin
  3173 | D:5      | Entered Level 5 of the Dungeon
  3417 | D:5      | Reached XP level 6. HP: 36/36 MP: 2/10
  3674 | D:5      | Noticed Menkaure
  3694 | D:5      | Killed Menkaure
  3695 | D:5      | Reached skill level 5 in Stealth
  3854 | D:5      | Reached skill level 5 in Earth Magic
  3854 | D:5      | Reached XP level 7. HP: 41/41 MP: 7/12
  4449 | D:5      | Slain by a sky beast

Illustrated notes

Levels and vault maps discovered:
D:1:      psy_arrival_dodecagon, layout_loops_cross,
          shapermc_ecumenical_altar_rom_forum
D:2:      layout_rooms, basic_altar
D:3:      layout_loops_ring, xom_redecorated, gammafunk_ghost_mausoleum,
          minmay_shallow_snake_nest
D:5:      minmay_razor_zed, layout_gridville, uniq_menkaure
D:6:      layout_basic, gammafunk_ghost_nasty_kobolds, uniq_crazy_yiuf_cottage

Skill      XL: |  1  2  3  4  5  6 |
---------------+-------------------+-----
Stealth        | 3 4 5 |  5.6
Transmutations | 2 3 4 |  4.5
Earth Magic    | 4 5 |  5.0
Spellcasting   | 3 |  3.7
Dodging        | |  2.0

Action                   |  1- 3 |  4- 6 |  7- 9 || total
-------------------------+-------+-------+-------++-------
Melee: Unarmed           |    10 |       |       ||    10
       Constrict         |    19 |     7 |     2 ||    28
       Tentacles         |     6 |    12 |     6 ||    24
       Dagger            |    37 |    33 |       ||    70
       Falchion          |       |     1 |    17 ||    18
 Cast: Sandblast         |    21 |    25 |     9 ||    55
       Petrify           |       |     5 |     1 ||     6
Evoke: Wand              |     1 |     3 |     1 ||     5
 Stab: Sleeping          |     6 |     3 |     2 ||    11
       Petrified         |       |    11 |       ||    11
Armor: Skin              |     9 |       |     1 ||    10
Dodge: Dodged            |    35 |    28 |    23 ||    86
